Map: 莱瑞拉克之冠

Players

Quail - Winner!

  • Race: Zerg Zerg
  • League: Diamond

电脑难度(简单)

  • Race: Terran Terran

VOD

Have the link to the VOD?

Description

Time

  • Played on: Dec. 4, 2015, 7:21 a.m.
  • Length: 6:16
Show
View Real Time Build Order
Export as new Build Order

Quail Zerg - Winner!

Build Orders: 3 Hatch before Pool 

Get SALT Encoding   

  12  0:01  Drone  
  13  0:08  Drone  
  14  0:16  Overlord  
  14  0:23  Drone, Extractor  
  15  0:35  Drone  
  16  0:36  Drone  
  17  0:53  Hatchery  
  16  0:57  Drone  
  16  1:00  Drone  
  18  1:15  Drone  
  19  1:26  Hatchery  
  18  1:36  Spawning Pool  
  17  1:43  Drone  
  17  1:45  Overlord  
  18  1:50  Drone, Extractor  
  18  1:58  Drone  
  19  2:04  Extractor  
  19  2:05  Drone  
  19  2:13  Drone  
  20  2:18  Drone x2  
  22  2:24  Queen  
  24  2:30  Queen  
  26  2:39  Queen  
  26  2:42  Drone  
  29  2:46  Zergling x2  
  29  2:48  Zergling x2  
  31  2:55  Metabolic Boost  
  31  2:57  Zergling x2  
  32  3:07  Zergling x6  
  32  3:09  Drone  
  36  3:17  Drone x3  
  39  3:22  Overlord  
  39  3:30  Queen  
  41  3:35  Overlord  
  41  3:38  Drone  
  41  3:40  Drone  
  43  3:44  Drone x2  
  45  3:48  Drone  
  45  3:53  Drone x2  
  45  3:54  Drone  
  49  3:59  Drone x2  
  51  4:06  Drone  
  51  4:07  Drone x2  
  51  4:09  Baneling Nest  
  53  4:13  Drone x2  
  53  4:14  Drone  
  56  4:23  Drone x2  
  58  4:25  Overlord  
  58  4:30  Roach Warren  
  58  4:31  Drone  
  58  4:47  Drone x3  
  58  4:48  Overlord x2  
  61  4:53  Baneling x4  
  61  4:56  Zergling x2  
  61  4:57  Zergling x8  
  66  5:03  Overlord  
  66  5:06  Queen x2  
  70  5:07  Lair  
  70  5:11  Roach x4  
  78  5:20  Drone x3  
  81  5:23  Evolution Chamber  
  81  5:24  Drone x3  
  81  5:25  Evolution Chamber, Drone  
  81  5:35  Baneling x5  
  81  5:36  Roach x4  
  81  5:39  Extractor  
  81  5:42  Extractor  
  87  5:43  Drone x2  
  89  5:52  Overlord x4  
Show
View Real Time Build Order
Export as new Build Order

电脑难度(简单) Terran 

Build Orders:  

Get SALT Encoding   

  12  0:00  SCV  
  13  0:13  SCV  
  14  0:19  Supply Depot  
  14  0:25  SCV  
  15  0:40  SCV  
  15  0:42  Barracks  
  16  0:45  Refinery  
  16  1:12  Supply Depot  
  16  1:22  Refinery  
  16  1:29  Marine  
  16  1:30  Orbital Command  
  17  1:48  Barracks Tech Lab  
  17  1:56  SCV  
  18  2:06  Marine  
  18  2:08  SCV  
  20  2:10  Supply Depot  
  20  2:20  SCV  
  21  2:24  Marine  
  22  2:32  SCV  
  23  2:42  Marauder  
  25  2:44  SCV  
  26  2:56  SCV  
  27  3:03  Marauder  
  29  5:20  SCV, Reaper  
  31  5:22  Supply Depot  
  31  5:25  Factory  
  29  5:32  SCV  
  26  5:45  SCV  
  26  5:46  Supply Depot  
  27  5:52  Marine  
  25  5:57  SCV  
Tags
 
Add a new tag
Caveats
  • Supply blocks, unpowered buildings, or Contaminate may cause inaccurate times.
  • Supply counts are checked every 10 seconds.